 Dungeon Crawl Stone Soup version 0.28.0-53-g5a82cb258f (webtiles) character file.

Game seed: 6886965309653160564

30 pkoi the Insei (level 2, -6/24 HPs)
             Began as a Demigod Gladiator on May 25, 2022.
             Mangled by Jessica
             ... wielding a +2 dagger of venom
              (7 damage)
             ... on level 2 of the Dungeon.
             The game lasted 00:00:46 (1038 turns).

pkoi the Insei (Demigod Gladiator)                  Turns: 1038, Time: 00:00:47

Health: -6/24      AC:  4    Str: 15    XL:     2   Next: 84%
Magic:  4/4        EV: 12    Int: 10    God:
Gold:   47         SH:  0    Dex: 15    Spells: 1/1 levels left

rFire   . . .      SeeInvis .     - Unarmed
rCold   . . .      Faith    .   (no shield)
rNeg    . . .      Spirit   .   a - +0 leather armour
rPois   .          Reflect  .   b - +0 helmet
rElec   .          Harm     .   (no cloak)
rCorr   .          Rampage  .   (no gloves)
Will    .....                   (no boots)
Stlth   +.........              (no amulet)
HPRegen 0.08/turn               (no ring)
MPRegen 0.09/turn               (no ring)

@: lethally poisoned (-6 -> -19)
A: high MP 1, forlorn, divine attributes
a: no special abilities


You were on level 2 of the Dungeon.
You visited 1 branch of the dungeon, and saw 2 of its levels.

You collected 47 gold pieces.

Inventory:

Hand Weapons
 d - a +0 dagger
 f - a +0 dagger
Missiles
 c - 4 throwing nets (quivered)
Armour
 a - a +0 leather armour (worn)
 b - a +0 helmet (worn)
Scrolls
 g - a scroll of identify {unknown}
Potions
 e - a potion of berserk rage {unknown}


   Skills:
 - Level 1.7 Fighting
 - Level 1.7 Throwing
 - Level 2.6 Dodging
 + Level 3.8 Unarmed Combat


You had one spell level left.
You didn't know any spells.
Your spell library was empty.

Dungeon Overview and Level Annotations

Branches:
Dungeon (2/15)

Annotations:
D:2 Jessica


Innate Abilities, Weirdness & Mutations

You have an increased reservoir of magic. (+10% MP)
You shall have no god before yourself.
Your divine heritage dramatically boosts your attributes as you level up.


Message History

g - a scroll labelled UXZEPH WALIC
There is an open door here.
Found 20 arrows.
Things that are here:
a +0 club; a +0 dagger; 5 stones
There is an open door here.
You see here 16 arrows.
You now have 47 gold pieces (gained 15).
You open the door.
Done exploring.
(D) Dungeon
Where to? (? - help)
There is a stone staircase leading down here.
You climb downwards.
There is a stone staircase leading up here.
Jessica is nearby!
Unknown command.
Jessica is nearby!
A bat comes into view.
Found a scroll labelled UXZEPH WALIC.
Jessica shouts!
The bat barely misses you. Jessica gestures at you while chanting.
Pain shoots through your body!
Ouch! That really hurt!
* * * LOW HITPOINT WARNING * * *
You hit Jessica but do no damage. The bat barely misses you.
The bat misses you.
You hit Jessica but do no damage. The bat hits you.
* * * LOW HITPOINT WARNING * * *
Jessica hits you with a +2 dagger of venom.
* * * LOW HITPOINT WARNING * * *
You are lethally poisoned!
You closely miss Jessica.
* * * LOW HITPOINT WARNING * * *
You feel very sick. The bat barely misses you.
Jessica shouts, "Stop bothering me, or I'll kill you!"
Jessica hits you with a +2 dagger of venom!
You die...

### ?.#
#.# #.#
####.####
#..@@...#
#.##b##<#
#.##.#
#.##.#
..##.#
####.#
#.# ..#
.##


You could see Jessica and a bat.

Vanquished Creatures
  A dart slug (D:1)
  An endoplasm (D:1)
  A giant cockroach (D:1)
  2 goblins (D:1)
  3 hobgoblins (D:1)
  3 jackals (D:1)
  A quokka (D:1)
  4 ball pythons (D:1)
  2 bats (D:1)
  A frilled lizard (D:1)
  3 kobolds (D:1)
  2 rats (D:1)
24 creatures vanquished.

Notes
Turn   | Place    | Note
-------+----------+-------------------------------------------
     0 | D:1      | pkoi the Demigod Gladiator began the quest for the Orb.
     0 | D:1      | Reached XP level 1. HP: 17/17 MP: 3/3
    80 | D:1      | Reached skill level 3 in Unarmed Combat
   155 | D:1      | Reached XP level 2. HP: 19/24 MP: 4/4
  1032 | D:2      | Noticed Jessica
  1038 | D:2      | HP: 1/24 [poisoned by Jessica]
  1038 | D:2      | Mangled by Jessica

Illustrated notes

Levels and vault maps discovered:
D:1:      mushboom_english_gardens, layout_basic
D:2:      layout_loops_corners, uniq_jessica, uniq_crazy_yiuf_cottage

Skill      XL: |  1 |
---------------+----+-----
Unarmed Combat | 3 |  3.8
Fighting       | |  1.7
Throwing       | |  1.7
Dodging        | |  2.6

Action                   || total
-------------------------++-------
Melee: Unarmed           ||   101
       Punch             ||     1
Armor: Leather armour    ||    21
Dodge: Dodged            ||    58
